 Dungeon Crawl Stone Soup version 0.30-a0-777-ga9a30cbeda (webtiles) character file.

Game seed: 8174325589604500080

22561 BRD the Fighter (level 12, 0/102 HPs)
             Began as a Demonspawn Gladiator on Feb 14, 2023.
             Was a High Priest of Okawaru.
             Slain by a komodo dragon (18 damage)
             ... on level 3 of the Lair of Beasts.
             The game lasted 00:37:00 (13072 turns).

BRD the Fighter (Demonspawn Gladiator)             Turns: 13072, Time: 00:37:00

Health: 0/102      AC: 15    Str: 20    XL:     12   Next: 64%
Magic:  6/6        EV:  8    Int: 10    God:    Okawaru [*****.]
Gold:   638        SH:  4    Dex: 14    Spells: 11/11 levels left

rFire   . . .      SeeInvis .    a - +5 morningstar (antimagic)
rCold   . . .      Faith    .    (no shield)
rNeg    . . .      Spirit   .    y - +0 plate armour
rPois   .          Reflect  .    (helmet restricted)
rElec   .          Harm     .    c - scarf {shadows}
rCorr   +          Rampage  .    A - +0 pair of gloves
Will    +....                    (no boots) Stlth
                                 o - amulet of regeneration
HPRegen 2.17/turn                g - ring of resist corrosion
MPRegen 0.20/turn                b - ring of willpower

@: no status effects
A: antennae 1, large bone plates 1, powered by death 3, magic regeneration
a: Renounce Religion, Heroism, Finesse, Duel


You were on level 3 of the Lair of Beasts.
You worshipped Okawaru.
Okawaru was extremely pleased with you.
You visited 3 branches of the dungeon, and saw 14 of its levels.
You also visited: Sewer and Ossuary.

You collected 638 gold pieces.

Inventory:

Hand Weapons
 a - a +5 antimagic morningstar (weapon)
 i - the +4 mace "Lifebane" {vamp, rN+ Str+2}
   (Okawaru gifted it to you on level 3 of the Lair of Beasts)

   Str:       It affects your strength (+2).
   rN:        It protects you from negative energy.
 p - a +0 morningstar of flaming
Missiles
 d - 2 throwing nets
 e - 12 javelins
 m - 31 poisoned darts (quivered)
 v - 6 atropa-tipped darts
 z - 5 silver javelins
 I - 3 curare-tipped darts
 L - 3 silver boomerangs
Armour
 c - a scarf of shadows (worn)
 y - a +0 plate armour (worn)
 A - a +0 pair of gloves (worn)
 P - an orb of wrath
Jewellery
 b - a ring of willpower (right hand)
 g - a ring of resist corrosion (left hand)
 h - an amulet of guardian spirit
 o - an amulet of regeneration (around neck)
 C - a ring of fire
Wands
 w - a wand of roots (8)
 x - a wand of flame (8)
 G - a wand of mindburst (11)
 S - a wand of quicksilver (3)
 T - a wand of paralysis (3)
Scrolls
 f - 2 scrolls of magic mapping
 k - a scroll of fog {unknown}
 B - a scroll of torment {unknown}
 F - a scroll of enchant armour {unknown}
 H - 5 scrolls of poison {unknown}
 J - a scroll of blinking
 M - a scroll of teleportation {unknown}
 N - a scroll of fear
 O - 2 scrolls of enchant weapon {unknown}
Potions
 j - 3 potions of resistance
 q - 5 potions of flight
 r - a potion of experience {unknown}
 s - 2 potions of cancellation {unknown}
 t - 3 potions of heal wounds {unknown}
 u - 2 potions of curing
 D - a potion of invisibility {unknown}
 E - 4 potions of lignification
 K - a potion of berserk rage {unknown}
 R - 2 potions of brilliance {unknown}
Miscellaneous
 Q - a phial of floods


   Skills:
 - Level 12.0 Fighting
 + Level 11.4 Maces & Flails
 - Level 2.0 Throwing
 + Level 8.7 Armour
 - Level 5.0 Dodging
 + Level 8.5 Invocations
 - Level 5.0 Evocations


You had 11 spell levels left.
You didn't know any spells.
Your spell library contained the following spells:

 Spells                   Type           Power      Damage    Failure   Level
 Slow                     Hex            0%         N/A       100%        1
 Sublimation of Blood     Necr           0%         N/A       100%        2
 Wereblood                Tmut           0%         N/A       100%        2
 Confusing Touch          Hex            0%         N/A       100%        3
 Vampiric Draining        Necr           0%         2d6       100%        3
 Petrify                  Tmut/Erth      0%         N/A       100%        4
 Freezing Cloud           Conj/Ice/Air   0%         6-21      100%        5
 Irradiate                Conj/Tmut      0%         3d11      100%        5
 Polar Vortex             Ice            0%         N/A       100%        9
 Simulacrum               Ice/Necr       Unusable   N/A       N/A         6
 Malign Gateway           Summ/Tloc      Unusable   N/A       N/A         7
 Summon Hydra             Summ           Unusable   N/A       N/A         7
 Summon Horrible Things   Summ           Unusable   N/A       N/A         8

Dungeon Overview and Level Annotations

Branches:
Dungeon (10/15)            Temple (1/1) D:5            Lair (3/5) D:10
 Shoals (0/4) Lair:3       Spider (0/4) Lair:2        Sewer (visited)
Ossuary (visited)
    Orc: D:9-12

Altars:
Ashenzari
Cheibriados
Dithmenos
Fedhas
Gozag
Hepliaklqana
Kikubaaqudgha
Makhleb
Nemelex Xobeh
Okawaru
Qazlal
Ru
Sif Muna
Trog
Uskayaw
Vehumet
Wu Jian
Xom
Yredelemnul

Annotations:
D:3 2 transporters, zamzamzam's ghost, amateur MiGl
D:4 2 transporters, wpisznazwe's ghost, novice BaHu
D:9 1 runed translucent door, DeathSun's ghost, novice DrTm


Innate Abilities, Weirdness & Mutations

You have a pair of small antennae on your head.
You are partially covered in large bone plates. (SH +4)
You regenerate a lot of health from kills.
You regenerate magic rapidly.


Message History

You bump into the rock wall.
You feel less invigorated.
You feel less confused. The yak gores you.
You hit the yak.
The yak is lightly wounded.
The yak gores you but does no damage.
You puncture the yak!
The yak is moderately wounded.
You sock the yak!
The yak is severely wounded.
The yak gores you but does no damage.
You completely miss the yak. You punch the yak.
The yak is almost dead.
The yak barely misses you.
You puncture the yak!
You kill the yak!
Okawaru accepts your kill.
The blink frog blinks! x3
You hit the komodo dragon but do no damage.
The komodo dragon bites you!
You hit the komodo dragon.
The komodo dragon is lightly wounded.
The komodo dragon barely misses you.
The blink frog blinks!
You thump the komodo dragon!
The komodo dragon is moderately wounded.
The komodo dragon bites you!
You sock the komodo dragon!
The komodo dragon is heavily wounded.
The komodo dragon bites you but does no damage.
You impale the komodo dragon!!
The komodo dragon is almost dead.
The komodo dragon bites you!
You hit the komodo dragon but do no damage.
The komodo dragon is almost dead.
The komodo dragon bites you!!
* * * LOW HITPOINT WARNING * * *
You barely miss the komodo dragon.
The komodo dragon is almost dead.
The komodo dragon bites you!!
You die...

#...#.# ##.........
P#.†..####..........
...F.{####....>......
.....Yr#Y###..........
.....FlYYYY........(..
##P#..F###.#Y.F.......
####### ####{Yl.....#
##lrY....# #@##.#####
### ##


You could see a komodo dragon, 2 yaks, a basilisk, a blink frog and a hell rat.

Vanquished Creatures
  A centaur warrior (D:9)
  A boulder beetle (Lair:2)
  4 death yaks (Lair:3)
  2 two-headed ogres
  2 black mambas
  3 komodo dragons
  4 cane toads
  A rime drake (Lair:2)
  A polar bear (Lair:1)
  3 trolls
  5 blink frogs (Lair:1)
  4 shadows
  4 wraiths
  A vampire (D:9)
  24 yaks
  4 wyverns
  2 basilisks
  3 redbacks (Lair:2)
  2 vampire mosquitoes (D:9)
  2 steam dragons
  3 wargs (D:10)
  6 water moccasins
  Duvessa (D:6)
  An acid dragon (D:9)
  An ice beast (D:5)
  7 orc warriors
  A sky beast (D:7)
  2 black bears
  3 ogres
  2 centaurs
  17 bullfrogs
  4 kobold brigands
  3 necrophages
  A gnoll sergeant (D:7)
  3 scorpions
  9 wights
  Dowan (D:6)
  10 howler monkeys
  2 centaur zombies (Ossuary)
  2 hounds
  8 orc priests
  2 gnoll boudas
  2 jellies
  Terence (D:2)
  2 human zombies (Ossuary)
  4 iguanas
  14 orc wizards
  2 hell rats (Lair:3)
  3 ogre zombies (Ossuary)
  7 mummies (Ossuary)
  6 adders
  11 gnolls
  5 river rats (Sewer)
  2 shadow imps
  A white imp (D:6)
  A howler monkey simulacrum (D:9)
  An ufetubus (D:5)
  5 worms
  4 adder zombies (Ossuary)
  4 dart slugs
  38 orcs
  14 endoplasms
  8 goblins
  5 hobgoblins
  2 jackals (D:1)
  3 quokkas
  12 ball pythons
  4 bats
  A frilled lizard (D:1)
  A gnoll zombie (Ossuary)
  6 goblin zombies (Ossuary)
  4 hobgoblin zombies (Ossuary)
  14 kobolds
  2 kobold zombies (Ossuary)
  5 quokka zombies (Ossuary)
  7 rats
  A rat zombie (Ossuary)
364 creatures vanquished.

Vanquished Creatures (others)
  7 fungi
  13 plants
20 creatures vanquished.

Grand Total: 384 creatures vanquished

Notes
Turn   | Place    | Note
-------+----------+-------------------------------------------
     0 | D:1      | BRD the Demonspawn Gladiator began the quest for the Orb.
     0 | D:1      | Reached XP level 1. HP: 16/16 MP: 1/1
     2 | D:1      | Noticed a draconian
     2 | D:1      | Noticed a troll
     4 | D:1      | Noticed a vampire
     4 | D:1      | Noticed a minotaur
     6 | D:1      | Noticed a tengu
     8 | D:1      | Noticed a meteoran
     8 | D:1      | Noticed a felid
    10 | D:1      | Noticed a spriggan
    10 | D:1      | Noticed an elf
    12 | D:1      | Noticed a demigod
    14 | D:1      | Noticed an ogre
    14 | D:1      | Noticed an octopode
    16 | D:1      | Noticed an armataur
    16 | D:1      | Noticed a vine stalker
    18 | D:1      | Noticed a formicid
    20 | D:1      | Noticed a ghoul
    20 | D:1      | Noticed a human
    22 | D:1      | Noticed a demonspawn
    22 | D:1      | Noticed a naga
    24 | D:1      | Noticed a gargoyle
    24 | D:1      | Noticed a gargoyle
    26 | D:1      | Noticed an ogre
    26 | D:1      | Noticed an elf
   197 | D:1      | Gained mutation: You regenerate a little health from kills.
                  | [demonic ancestry]
   197 | D:1      | Reached XP level 2. HP: 14/22 MP: 2/2
   645 | D:1      | Gained mutation: You regenerate health from kills. [demonic
                  | ancestry]
   645 | D:1      | Reached XP level 3. HP: 28/28 MP: 1/3
   880 | D:2      | Found an iron altar of Okawaru.
   905 | D:2      | Became a worshipper of Warmaster Okawaru
  1041 | D:2      | Found a faded altar of an unknown god.
  1085 | D:2      | Gained mutation: You have a pair of small antennae on your
                  | head. [demonic ancestry]
  1085 | D:2      | Reached XP level 4. HP: 34/34 MP: 2/4
  1125 | D:2      | Noticed Terence
  1128 | D:2      | Killed Terence
  1129 | D:2      | Reached skill level 3 in Fighting
  1129 | D:2      | Reached skill level 1 in Armour
  1411 | D:3      | Found a transporter.
  1411 | D:3      | Noticed zamzamzam's ghost (amateur MiGl)
  1486 | D:3      | Found a transporter.
  1547 | D:3      | Found a hazy altar of Hepliaklqana.
  1824 | D:3      | Found an iron altar of Okawaru.
  2092 | D:4      | Noticed a scorpion
  2100 | D:4      | Killed a scorpion
  2101 | D:4      | Gained mutation: You regenerate magic rapidly. [demonic
                  | ancestry]
  2101 | D:4      | Reached XP level 5. HP: 41/41 MP: 5/5
  2240 | D:4      | Noticed an ogre
  2246 | D:4      | Killed an ogre
  2246 | D:4      | Reached * piety under Okawaru
  2247 | D:4      | Gained mutation: You are partially covered in large bone
                  | plates. (SH +4) [demonic ancestry]
  2247 | D:4      | Reached XP level 6. HP: 19/47 MP: 1/6
  2313 | D:4      | Found a sand-covered staircase.
  2320 | Ossuary  | Entered an ossuary
  2753 | Ossuary  | Reached skill level 4 in Fighting
  2883 | Ossuary  | Reached XP level 7. HP: 48/54 MP: 5/7
  3040 | D:4      | Found a transporter.
  3579 | D:4      | Identified the +0 halberd of the Sybil {elec, rC++}
  3583 | D:4      | Found a transporter.
  3606 | D:4      | Noticed wpisznazwe's ghost (novice BaHu)
  3669 | D:5      | Entered Level 5 of the Dungeon
  3736 | D:5      | Found a glowing drain.
  3758 | Sewer    | Entered a sewer
  4315 | Sewer    | Reached ** piety under Okawaru
  4316 | Sewer    | Reached skill level 5 in Fighting
  4316 | Sewer    | Reached skill level 5 in Maces & Flails
  4318 | Sewer    | Reached skill level 5 in Dodging
  4518 | Sewer    | Gained mutation: You regenerate a lot of health from kills.
                  | [demonic ancestry]
  4518 | Sewer    | Reached XP level 8. HP: 53/62 MP: 8/8
  4854 | D:5      | Found a staircase to the Ecumenical Temple.
  4875 | Temple   | Entered the Ecumenical Temple
  5707 | D:6      | Noticed Duvessa
  5707 | D:6      | Noticed Dowan
  5794 | D:6      | Killed Duvessa
  5807 | D:6      | Killed Dowan
  5848 | D:6      | Reached *** piety under Okawaru
  5849 | D:6      | Reached skill level 6 in Fighting
  5886 | D:6      | Reached skill level 5 in Armour
  6263 | D:6      | Reached XP level 9. HP: 71/71 MP: 9/9
  6704 | D:7      | Reached skill level 7 in Fighting
  6865 | D:7      | Reached **** piety under Okawaru
  6990 | D:7      | Noticed a troll
  7009 | D:7      | Reached skill level 8 in Fighting
  7023 | D:7      | Killed a troll
  7800 | D:8      | Reached skill level 9 in Fighting
  7800 | D:8      | Reached skill level 1 in Invocations
  7821 | D:8      | Reached XP level 10. HP: 81/83 MP: 9/11
  8151 | D:8      | Noticed a two-headed ogre
  8536 | D:9      | Reached ***** piety under Okawaru
  8575 | D:9      | Found a runed translucent door.
  8575 | D:9      | Noticed DeathSun's ghost (novice DrTm)
  8977 | D:9      | Reached skill level 5 in Invocations
  9097 | D:8      | Received a gift from Okawaru
  9118 | D:8      | Reached skill level 10 in Fighting
  9169 | D:8      | Found a broken altar of Ashenzari.
  9262 | D:8      | Killed a two-headed ogre
  9625 | D:9      | Noticed a two-headed ogre
  9633 | D:9      | Killed a two-headed ogre
  9634 | D:9      | Reached XP level 11. HP: 26/92 MP: 2/14
  9988 | D:9      | Reached skill level 10 in Maces & Flails
 10363 | D:9      | Noticed a centaur warrior
 10371 | D:9      | Killed a centaur warrior
 10566 | D:10     | Entered Level 10 of the Dungeon
 10589 | D:10     | Reached skill level 11 in Fighting
 10603 | D:10     | Received a gift from Okawaru
 10659 | D:10     | Found a staircase to the Lair.
 11184 | Lair:1   | Entered Level 1 of the Lair of Beasts
 11221 | Lair:1   | Reached skill level 1 in Evocations
 11766 | Lair:1   | Received a gift from Okawaru
 11783 | Lair:1   | HP: 3/93 [blink frog (13)]
 12264 | Lair:2   | Noticed a boulder beetle
 12281 | Lair:2   | Killed a boulder beetle
 12281 | Lair:2   | Received a gift from Okawaru
 12353 | Lair:2   | Reached XP level 12. HP: 21/100 MP: 5/16
 12661 | Lair:2   | Found a hole to the Spider Nest.
 12862 | Lair:3   | Identified the +4 mace "Lifebane" {vamp, rN+ Str+2}
                  | (Okawaru gifted it to you on level 3 of the Lair of Beasts)
 12862 | Lair:3   | Received a gift from Okawaru
 12874 | Lair:3   | Found a staircase to the Shoals.
 12960 | Lair:3   | Noticed a death yak
 12976 | Lair:3   | Killed a death yak
 12985 | Lair:3   | Noticed a death yak
 13009 | Lair:3   | Reached skill level 12 in Fighting
 13022 | Lair:3   | Killed a death yak
 13028 | Lair:3   | Noticed a death yak
 13036 | Lair:3   | Noticed a death yak
 13038 | Lair:3   | Killed a death yak
 13053 | Lair:3   | Killed a death yak
 13053 | Lair:3   | Identified the +1 pair of gloves of Bellicose Birdsong
                  | {MP+9 Str+3} (Okawaru gifted it to you on level 3 of the
                  | Lair of Beasts)
 13053 | Lair:3   | Received a gift from Okawaru
 13054 | Lair:3   | Reached skill level 5 in Evocations
 13072 | Lair:3   | Slain by a komodo dragon

Illustrated notes

Levels and vault maps discovered:
D:1:      kb_arrival_jail, layout_basic, minivault_27
D:2:      layout_rooms, basic_altar, dreamdust_ecumenical_altar_grove,
          amethyst_killhole, uniq_terence
D:3:      layout_loops_cross, lemuel_coloured_pillars_altar,
          amethyst_overflow_temple_binary, gammafunk_ghost_mausoleum
D:4:      layout_loops_ring, gammafunk_ghost_gnarly_gnolls,
          lightli_ossuary_entry_decrepit_ruins, minmay_misc_feat_cross,
          grunt_decor_one_mirror
D:5:      layout_loops_ring, minmay_temple_entry_glassed_door,
          portal_sewer_entry_b, uniq_grinder
D:6:      layout_basic, uniq_duvessa
D:7:      wad_guarded_room, layout_basic
D:8:      layout_basic, kennysheep_mini_moat, kennysheep_generic_room_2
D:9:      minmay_the_grid_3x2 [minmay_the_grid_minigrid_medium,
          minmay_the_grid_gridbox, minmay_the_grid_spin_star,
          minmay_the_grid_garden, minmay_the_grid_minigrid_small_alt,
          minmay_the_grid_prize_diamond_cup], layout_loops_cross,
          hellmonk_ghost_big_iron
D:10:     layout_gridville, erik_lair_orcish_takeover, due_unseen_surprise
Temple:   hc_temple_tempest_star
Lair:1:   layout_chaotic_city, nicolae_lair_grove_arrangements
Lair:2:   layout_cave_shapes, spider_nest_entry_webs, st_stairs_9,
          nicolae_lair_lil_pond
Lair:3:   layout_gridlike, shoals_dummy_entry

Skill      XL: |  1  2  3  4  5  6  7  8  9 10 11 12 |
---------------+-------------------------------------+-----
Throwing       | 2 |  2.0
Maces & Flails | 3 4 5 6 8 9 10 11 | 11.4
Dodging        | 3 4 5 |  5.0
Fighting       | 3 4 5 6 9 10 11 12 | 12.0
Armour         | 1 2 3 5 6 7 8 |  8.7
Invocations    | 1 5 6 8 |  8.5
Evocations     | 3 5 |  5.0

Action                     |  1- 3 |  4- 6 |  7- 9 | 10-12 || total
---------------------------+-------+-------+-------+-------++-------
  Melee: Flail             |    83 |       |       |       ||    83
         Punch             |     1 |     3 |     7 |    16 ||    27
         Morningstar       |    37 |   182 |   459 |   703 ||  1381
  Throw: Dart              |       |       |    18 |    16 ||    34
         Javelin           |       |       |    13 |     5 ||    18
         Boomerang         |       |       |     1 |     2 ||     3
         Throwing net      |       |       |       |     4 ||     4
 Invoke: Heroism           |       |       |     2 |     4 ||     6
         Finesse           |       |       |       |     1 ||     1
  Evoke: Wand              |       |    15 |     3 |     4 ||    22
    Use: Scroll            |       |       |    12 |     7 ||    19
         Potion            |       |       |     4 |    14 ||    18
   Stab: Sleeping          |     1 |       |       |       ||     1
 Armour: Leather armour    |    23 |       |       |       ||    23
         Chain mail        |    21 |    92 |   176 |     7 ||   296
         Plate armour      |       |       |       |   324 ||   324
  Dodge: Dodged            |    62 |    71 |   182 |   227 ||   542
  Block: Other             |       |    13 |    69 |   128 ||   210

Table legend: (Time is in decaauts)
 A = Elapsed time spent in this place.
 B = Non-inter-level travel time spent in this place.
 C = Inter-level travel time spent in this place.
 D = Time resting spent in this place.
 E = Time spent auto-exploring this place.
 F = Levels seen in this place.
 G = Mean time per level.
                   A        B        C        D        E       F      G
               +--------+--------+--------+--------+--------+-----+--------+
         Total |  13307 |  12674 |    633 |   1223 |   7912 |  16 |  831.7 |
       Dungeon |   9260 |   8730 |    530 |    877 |   5486 |  10 |  926.0 |
        Temple |    325 |    295 |     30 |      0 |    278 |   1 |  325.0 |
          Lair |   1846 |   1773 |     73 |    170 |   1077 |   3 |  615.3 |
         Sewer |   1162 |   1162 |      0 |     52 |    777 |   1 | 1162.0 |
       Ossuary |    711 |    711 |      0 |    124 |    292 |   1 |  711.0 |
               +--------+--------+--------+--------+--------+-----+--------+

Top non-repeatable levels by time:
     D:9: 1912 daAuts
   Sewer: 1162 daAuts
     D:7: 1058 daAuts
  Lair:1: 1029 daAuts
     D:6: 971 daAuts
     D:3: 899 daAuts
     D:8: 848 daAuts
     D:5: 818 daAuts
     D:1: 781 daAuts
     D:4: 732 daAuts
 Ossuary: 711 daAuts
  Lair:2: 634 daAuts
     D:2: 621 daAuts
    D:10: 616 daAuts
  Temple: 325 daAuts
